 Dungeon Crawl Stone Soup version 0.31-a0-672-g7da72447bb (webtiles) character file.

Game seed: 12096017006135397523

156895 sizableburger the Swashbuckler (level 18, 0/118 HPs)
             Began as a Kobold Venom Mage on July 2, 2023.
             Was a Follower of Uskayaw.
             Slain by Donald
             ... wielding a +0 long sword
              (25 damage)
             ... on level 2 of the Snake Pit on Sept 5, 2023.
             The game lasted 01:52:12 (38067 turns).

sizableburger the Swashbuckler (Kobold Venom Mage) Turns: 38067, Time: 01:52:13

Health: 0/118      AC: 18    Str: 11    XL:     18   Next: 31%
Magic:  14/31      EV: 25    Int: 23    God:    Uskayaw [*.....]
Gold:   362        SH:  0    Dex: 24    Spells: 9/35 levels left

rFire   . . .        x - +9 short sword (venom)
rCold   . . .        (no shield)
rNeg    . . .        l - +2 ring mail {rPois}
rPois   +            U - +0 helmet of Salvation {Fly rElec Str-3 Stlth+}
rElec   +            S - +2 cloak of Kiannuph {Will+ Int+3 Dex+4}
rCorr   .            o - +2 pair of gloves {Dex+3}
SInv    .            J - +1 pair of boots
Will    ++...        V - amulet of faith
Stlth   +++++++      v - +5 ring of evasion
HPRegen 0.39/turn    L - +6 ring of strength
MPRegen 0.22/turn

%: faith
@: flying
A: small, no large weapons, nightstalker 3
a: Renounce Religion, Stomp


You were on level 2 of the Snake Pit.
You worshipped Uskayaw.
Uskayaw was pleased with you.
You visited 6 branches of the dungeon, and saw 29 of its levels.
You also visited: Sewer, Bailey and Ice Cave.

You collected 2765 gold pieces.
You spent 2403 gold pieces at shops.

Inventory:

Hand Weapons
 e - a +4 quick blade of freezing
 x - a +9 short sword of venom (weapon)
 z - a +1 dagger of protection
Missiles
 t - 7 throwing nets
Armour
 l - a +2 ring mail of poison resistance (worn)
 o - a +2 pair of gloves of dexterity (worn)
 J - a +1 pair of boots (worn)
 S - the +2 cloak of Kiannuph (worn) {Will+ Int+3 Dex+4}
   (You acquired it on level 2 of the Orcish Mines)

   Int+3:     It affects your intelligence (+3).
   Dex+4:     It affects your dexterity (+4).
   Will+:     It increases your willpower.
 U - the +0 helmet of Salvation (worn) {Fly rElec Str-3 Stlth+}
   (You found it on level 13 of the Dungeon)

   Str-3:     It affects your strength (-3).
   rElec:     It insulates you from electricity.
   Fly:       It grants you flight.
   Stlth+:    It makes you more stealthy.
Jewellery
 c - a ring of willpower
 g - a +4 ring of protection
 u - a ring of fire
 v - a +5 ring of evasion (left hand)
 I - an amulet of regeneration
 L - a +6 ring of strength (right hand)
 N - an amulet of guardian spirit
 O - a +6 ring of intelligence
 V - an amulet of faith (around neck)
 X - a +6 ring of strength
Talismans
 j - a maw talisman
Wands
 h - a wand of polymorph (19)
 i - a wand of light (14)
 p - a wand of charming (4)
 C - a wand of iceblast (27)
 F - a wand of flame (26)
 K - a wand of digging (5)
 R - a wand of mindburst (2)
Scrolls
 m - a scroll of summoning
 n - 7 scrolls of amnesia
 s - 4 scrolls of identify
 y - 6 scrolls of teleportation
 B - 3 scrolls of fear
 D - a scroll of fog
 E - 6 scrolls of poison
 G - a scroll of immolation
 M - 8 scrolls of revelation
 P - 3 scrolls of vulnerability
Potions
 a - a potion of lignification
 b - 4 potions of magic
 f - a potion of enlightenment
 k - 6 potions of mutation
 q - 2 potions of attraction
 r - 4 potions of brilliance
 w - 5 potions of haste
 A - 3 potions of cancellation
 H - 14 potions of curing
 Q - a potion of resistance
 T - a potion of might
 Y - a potion of berserk rage {unknown}


   Skills:
 + Level 14.8 Fighting
 - Level 15.6 Short Blades
 - Level 5.5 Armour
 - Level 9.6 Dodging
 + Level 13.6 Stealth
 + Level 9.0 Spellcasting
 - Level 2.0 Conjurations
 + Level 6.2 Summonings
 - Level 7.5 Translocations
 - Level 1.0 Transmutations
 - Level 5.1 Ice Magic
 - Level 6.9 Air Magic
 - Level 7.1 Poison Magic
 - Level 13.3 Invocations
 - Level 10.1 Evocations
 - Level 0.9 Shapeshifting


You had 9 spell levels left.
You knew the following spells:

 Your Spells              Type           Power      Damage    Failure   Level
a - Sting                 Tmut/Pois      100%       1d8       2%          1
b - Poisonous Vapours     Pois/Air       84%        N/A       1%          2
c - Mephitic Cloud        Conj/Pois/Air  35%        N/A       4%          3
d - Olgreb's Toxic Radia  Pois           43%        N/A       8%          4
e - Swiftness             Air            42%        N/A       2%          3
f - Blink                 Tloc           90%        N/A       1%          2
g - Manifold Assault      Tloc           45%        N/A       6%          4
h - Summon Ice Beast      Ice/Summ       36%        N/A       13%         4
i - Ignite Poison         Fire/Tmut/Pois 22%        N/A       14%         3

Your spell library contained the following spells:

 Spells                   Type           Power      Damage    Failure   Level
 Summon Small Mammal      Summ           100%       N/A       1%          1
 Call Canine Familiar     Summ           39%        N/A       3%          3
 Ozocubu's Armour         Ice            33%        N/A       4%          3
 Magic Dart               Conj           76%        1d6       6%          1
 Ensorcelled Hibernation  Hex/Ice        44%        N/A       8%          2
 Searing Ray              Conj           38%        2d5       9%          2
 Hailstorm                Conj/Ice       26%        3d7       10%         3
 Summon Guardian Golem    Hex/Summ       24%        N/A       12%         3
 Sandblast                Erth           20%        2d7       14%         1
 Wereblood                Tmut           15%        N/A       14%         2
 Passwall                 Tmut/Erth      10%        N/A       17%         2
 Stone Arrow              Conj/Erth      30%        3d8       26%         3
 Fulminant Prism          Conj/Hex       7%         3d7       65%         4
 Petrify                  Tmut/Erth      12%        N/A       73%         4
 Metabolic Englaciation   Hex/Ice        11%        N/A       80%         5
 Irradiate                Conj/Tmut      8%         3d14      90%         5
 Yara's Violent Unravell  Hex/Tmut       6%         3d5       97%         5
 Simulacrum               Ice/Necr       11%        N/A       100%        6
 Malign Gateway           Summ/Tloc      21%        N/A       100%        7
 Ozocubu's Refrigeration  Ice            16%        4d11      100%        7
 Summon Horrible Things   Summ           19%        N/A       100%        8


Dungeon Overview and Level Annotations

Branches:
Dungeon (15/15)            Temple (1/1) D:6            Lair (5/5) D:10
 Shoals (3/4) Lair:3        Snake (3/4) Lair:2        Slime (0/5) Lair:5
    Orc (2/2) D:9             Elf (0/3) Orc:2        Vaults (0/5) D:14
 Depths (0/4) D:15          Sewer (visited)          Bailey (visited)
  IceCv (visited)

Altars:
Ashenzari
Cheibriados
Dithmenos
Elyvilon
Fedhas
Gozag
Hepliaklqana
Kikubaaqudgha
Makhleb
Nemelex Xobeh
Okawaru
Qazlal
Ru
Sif Muna
Trog
Uskayaw
Vehumet
Wu Jian
Xom
Yredelemnul
Zin
The Shining One
Jiyva

Shops:
Orc:2 ?*(   Shoals:3 *(*[   Snake:2 ?

Portals:
Trove: D:11 (show abyssal rune of Zot)

Annotations:
Snake:2 Donald


Innate Abilities, Weirdness & Mutations

You are small and have problems with some larger weapons.
You are completely attuned to the shadows.


Message History

g - Guard the area. f - Follow me.
Anything else - Cancel.
Gang up on whom?
Press: ? - help, Dir - move target, f - Donald
Aim: Donald, wielding a +0 long sword, wearing a +0 plate armour and wearing a +0 kite shield (moderately wounded, fast, strong, ally target) Attack!
Donald blocks your black mamba's attack.
Your naga spits poison at Donald.
The splash of poison hits Donald.
The naga mage closely misses your naga mage.
The naga mage barely misses your naga mage.
Donald closely misses you.
Your naga mage hits Donald with a +0 flail!
Donald blocks your naga mage's attack.
Okay, then.
You feel better.
The naga mage hits your naga mage with a +0 halberd!!
The naga mage grabs your naga mage.
The naga mage constricts your naga mage.
Donald hits you with a +0 long sword.
* * * LOW HITPOINT WARNING * * *
Your naga mage spits poison at the naga mage.
The splash of poison hits the naga mage.
Your naga spits poison at Donald.
Donald blocks the splash of poison.
Your black mamba completely misses Donald.
Your naga mage spits poison at Donald.
The splash of poison hits Donald but does no damage.
You barely miss Donald.
Donald is moderately wounded.
Donald closely misses you.
The naga mage hits your naga mage with a +0 halberd.
The naga mage constricts your naga mage.
Your black mamba bites Donald!
Unknown command.
You hit Donald but do no damage.
Donald is poisoned.
Donald is heavily wounded.
Donald hits you with a +0 long sword!!
You die...
Donald says, "I won.
I... don't hate that."

......#### ....###
....##########
....#..##....##
._............##
...............##
................##
.................#
................@#
.............NN@.#
.......)......NNS#
...))........N..##
##..............#
...#...N.......##
...............##
......N..>......##
.................#


You could see Donald (fast, strong, very poisoned, ally target), a naga mage
(fast, distracted, ally target), a friendly black mamba (summoned), 2 friendly
naga magi and 2 friendly nagas.

Vanquished Creatures
  A kraken (Shoals:3)
  Aizul (Snake:1)
  Ilsuiw (Shoals:3)
  The ghost of R007833r the Summoner, a journeyman DrCj of Sif Muna (Lair:3)
  A minotaur (Lair:3)
  2 dire elephants
  6 merfolk impalers
  Erolcha (Orc:2)
  2 merfolk javelineers (Shoals:3)
  4 hydras
  Harold (D:9)
  5 ogre magi
  2 death knights
  A merfolk avatar (Shoals:2)
  A catoblepas (Lair:5)
  10 centaur warriors
  A salamander tyrant (Snake:2)
  4 anacondas (Snake:1)
  A boulder beetle (D:14)
  3 merfolk aquamancers
  An alligator snapping turtle (Shoals:2)
  A tengu warrior (D:8)
  12 death yaks
  3 naga warriors (Snake:2)
  17 two-headed ogres
  A deep troll shaman (Lair:5)
  2 naga sharpshooters (Snake:2)
  3 shock serpents (Snake:2)
  Sonja (D:10)
  4 skysharks
  3 skeletal warriors (D:13)
  2 salamander mystics
  4 sea snakes
  4 naga ritualists
  5 bog bodies (Shoals:3)
  3 orc knights (D:15)
  8 fauns
  5 deep elf pyromancers
  6 mana vipers
  5 ugly things
  2 orc sorcerers (Orc:1)
  9 salamanders
  7 cyclopes
  2 merfolk sirens (Shoals:3)
  9 naga magi
  12 manticores
  4 water nymphs (Shoals:3)
  26 elephants
  23 black mambas
  3 gargoyles
  9 cane toads
  Psyche (D:10)
  2 unseen horrors (D:11)
  5 rime drakes
  9 komodo dragons
  2 efreet
  An ice devil (Lair:5)
  22 merfolk
  3 wind drakes
  5 trolls
  7 polar bears
  4 hornets
  9 blink frogs
  3 snapping turtles
  17 dream sheep
  8 slime creatures
  A jumping spider (shapeshifter) (D:13)
  A centaur simulacrum (D:14)
  11 water elementals
  4 wyverns
  A vampire (D:10)
  6 wraiths
  5 basilisks
  2 death yak simulacra (IceCv)
  4 steam dragons
  12 yaks
  10 vampire mosquitoes
  12 nagas
  4 wargs (D:15)
  Duvessa (D:7)
  3 acid dragons
  2 acid dragons (shapeshifter)
  17 water moccasins
  2 ice beasts (D:7)
  3 black bears
  27 orc warriors
  30 ogres
  9 wolves
  5 centaurs
  13 bullfrogs
  5 kobold brigands
  4 necrophages (Lair:3)
  3 scorpions (D:6)
  2 gnoll sergeants (D:8)
  A cane toad simulacrum (IceCv)
  20 wights
  Dowan (D:7)
  14 killer bees
  An elephant simulacrum (IceCv)
  5 electric eels
  13 howler monkeys
  10 orc priests
  10 hounds
  3 jellies (D:6)
  A gnoll bouda (D:8)
  7 iguanas
  3 sleepcaps
  Ijyb (D:5)
  20 orc wizards
  14 adders
  5 gnolls (D:8)
  2 shadow imps
  16 white imps
  An ufetubus (D:6)
  2 worms (D:2)
  3 dart slugs
  58 orcs
  17 endoplasms
  14 giant cockroaches
  3 hobgoblins
  10 jackals
  16 kobolds
  15 quokkas
  7 ball pythons
  3 bats
  9 frilled lizards
  A goblin (D:4)
  4 rats
852 creatures vanquished.

Vanquished Creatures (collateral kills)
  A vampire mosquito (D:11)
  A gnoll sergeant (D:8)
  An orc (D:8)
3 creatures vanquished.

Vanquished Creatures (others)
  A centaur warrior (D:11)
  An acid dragon (D:8)
  A centaur (D:14)
  4 tentacles (Shoals:3)
7 creatures vanquished.

Grand Total: 862 creatures vanquished

Notes
Turn   | Place    | Note
-------+----------+-------------------------------------------
     0 | D:1      | sizableburger the Kobold Venom Mage began the quest for the
                  | Orb.
     0 | D:1      | Reached XP level 1. HP: 10/10 MP: 3/3
   426 | D:1      | Reached XP level 2. HP: 16/16 MP: 3/5
   488 | D:1      | Reached skill level 1 in Fighting
   655 | D:1      | Learned a level 2 spell: Poisonous Vapours
   791 | D:1      | Reached skill level 1 in Short Blades
   833 | D:1      | Reached XP level 3. HP: 20/20 MP: 3/6
  1206 | D:1      | Upgraded the game from 0.31-a0-217-g58bb5d79cf to
                  | 0.31-a0-355-g57cb03d3e8
  1206 | D:1      | Upgraded the game from 0.31-a0-355-g57cb03d3e8 to
                  | 0.31-a0-656-gb4d89c20fa
  1331 | D:2      | Reached XP level 4. HP: 10/26 MP: 1/7
  1420 | D:2      | Reached skill level 2 in Short Blades
  1582 | D:2      | Learned a level 3 spell: Mephitic Cloud
  3191 | D:4      | Reached XP level 5. HP: 31/31 MP: 8/8
  3200 | D:4      | Reached skill level 1 in Conjurations
  3200 | D:4      | Reached skill level 1 in Air Magic
  3219 | D:3      | Reached skill level 3 in Short Blades
  3390 | D:4      | Reached XP level 6. HP: 36/36 MP: 9/9
  3410 | D:4      | Found a hide-covered altar of Uskayaw.
  3415 | D:4      | Became a worshipper of Uskayaw the Reveller
  3451 | D:4      | Reached * piety under Uskayaw
  3599 | D:4      | Reached ** piety under Uskayaw
  3622 | D:4      | Reached *** piety under Uskayaw
  3635 | D:4      | Found a glowing drain.
  3639 | Sewer    | Entered a sewer
  4166 | Sewer    | Reached skill level 4 in Short Blades
  4166 | Sewer    | Reached XP level 7. HP: 33/42 MP: 3/11
  4174 | Sewer    | Identified the +1 shortbow "Veliar" {elec, Str+2 Dex+5}
  4516 | D:4      | Found a burning altar of Makhleb.
  4708 | D:4      | Found a stormy altar of Qazlal.
  4714 | D:4      | Found a snail-covered altar of Cheibriados.
  4724 | D:4      | Found a broken altar of Ashenzari.
  4741 | D:5      | Entered Level 5 of the Dungeon
  4794 | D:5      | Noticed Ijyb
  5149 | D:5      | Learned a level 2 spell: Passwall
  5153 | D:5      | Learned a level 3 spell: Swiftness
  5224 | D:5      | Killed Ijyb
  5411 | D:5      | Reached skill level 5 in Short Blades
  5411 | D:5      | Reached XP level 8. HP: 38/48 MP: 5/13
  5524 | D:5      | Found an iron altar of Okawaru.
  5944 | D:6      | Found a staircase to the Ecumenical Temple.
  6028 | Temple   | Entered the Ecumenical Temple
  6204 | D:7      | Reached skill level 5 in Poison Magic
  6402 | D:7      | Upgraded the game from 0.31-a0-656-gb4d89c20fa to
                  | 0.31-a0-672-g7da72447bb
  6456 | D:7      | Reached skill level 5 in Fighting
  6541 | D:7      | Found a flagged portal.
  6547 | Bailey   | Entered a bailey
  6569 | Bailey   | Reached skill level 6 in Short Blades
  6635 | Bailey   | Reached XP level 9. HP: 34/55 MP: 6/16
  6640 | Bailey   | Reached skill level 5 in Spellcasting
  6643 | Bailey   | Reached **** piety under Uskayaw
  6645 | Bailey   | Reached skill level 7 in Short Blades
  7046 | D:7      | Reached skill level 8 in Short Blades
  7075 | D:7      | Reached skill level 1 in Invocations
  7174 | D:7      | Reached XP level 10. HP: 56/63 MP: 19/19
  7251 | D:7      | Noticed Dowan
  7252 | D:7      | Noticed Duvessa
  7259 | D:7      | Killed Duvessa
  7264 | D:7      | Killed Dowan
  7686 | D:6      | Reached skill level 9 in Short Blades
  8700 | D:8      | Reached ***** piety under Uskayaw
  8993 | D:8      | Reached skill level 5 in Air Magic
  9059 | D:8      | Noticed a centaur warrior
  9064 | D:8      | Noticed a tengu warrior
  9068 | D:8      | Killed a centaur warrior
  9069 | D:8      | Reached skill level 10 in Short Blades
  9069 | D:8      | Reached skill level 5 in Invocations
  9069 | D:8      | Reached XP level 11. HP: 35/69 MP: 8/20
  9077 | D:8      | Killed a tengu warrior
  9097 | D:8      | Reached ****** piety under Uskayaw
  9250 | D:8      | Noticed a death knight
  9783 | D:8      | Killed a death knight
  9796 | D:8      | Reached skill level 11 in Short Blades
  9799 | D:8      | Paralysed by a hornet for 2 turns
 10445 | D:8      | Found a shadowy altar of Dithmenos.
 10445 | D:8      | Found a radiant altar of Vehumet.
 10742 | D:9      | Found a staircase to the Orcish Mines.
 10906 | D:9      | Noticed Harold
 10912 | D:9      | Killed Harold
 10913 | D:9      | Reached skill level 1 in Armour
 11191 | D:9      | You fall into a shaft and drop 2 floors!
 11238 | D:10     | Entered Level 10 of the Dungeon
 11687 | D:10     | Noticed Sonja
 11692 | D:10     | Killed Sonja
 11693 | D:10     | Reached skill level 10 in Fighting
 11693 | D:10     | Reached XP level 12. HP: 77/77 MP: 17/21
 12288 | D:10     | Found a staircase to the Lair.
 12486 | D:10     | Found a blossoming altar of Fedhas.
 12540 | D:10     | Found a hazy altar of Hepliaklqana.
 12819 | D:10     | Reached skill level 5 in Dodging
 12866 | Lair:1   | Entered Level 1 of the Lair of Beasts
 13066 | Lair:1   | Learned a level 4 spell: Olgreb's Toxic Radiance
 13908 | Lair:1   | Reached XP level 13. HP: 66/84 MP: 19/22
 14573 | Lair:2   | Reached skill level 1 in Evocations
 14668 | Lair:2   | Reached skill level 5 in Armour
 14849 | Lair:2   | Found a staircase to the Snake Pit.
 15863 | Lair:3   | Reached skill level 10 in Invocations
 16095 | Lair:3   | Found a staircase to the Shoals.
 16181 | Lair:3   | Noticed a minotaur
 16260 | Lair:3   | Found a runed translucent gate.
 16261 | Lair:3   | Found a runed translucent gate.
 16262 | Lair:3   | Found a runed translucent gate.
 16271 | Lair:3   | Noticed R007833r's ghost (journeyman DrCj)
 16431 | Lair:3   | Reached XP level 14. HP: 66/92 MP: 16/23
 16433 | Lair:3   | Reached skill level 5 in Evocations
 16950 | Lair:3   | Killed R007833r's ghost
 16951 | Lair:3   | Killed a minotaur
 16953 | Lair:3   | Reached skill level 5 in Stealth
 18134 | Lair:4   | Learned a level 2 spell: Blink
 18247 | Lair:5   | Entered Level 5 of the Lair of Beasts
 18262 | Lair:5   | Reached skill level 1 in Translocations
 18635 | Lair:5   | Found a frozen archway.
 18689 | IceCv    | Entered an ice cave
 19277 | Lair:5   | Identified the +0 robe of the Snail {Str+4}
 19312 | Lair:5   | Found a staircase to the Slime Pits.
 19313 | Lair:5   | Found a viscous altar of Jiyva.
 19436 | Lair:5   | Identified the +2 scale mail of Hyamuqo {Int+8}
 19732 | Lair:5   | Reached skill level 12 in Short Blades
 19745 | Lair:5   | Reached XP level 15. HP: 97/97 MP: 15/24
 19967 | Lair:5   | Identified the +9 chain mail "Xuluim" {rElec Will++}
 20474 | Orc:1    | Entered Level 1 of the Orcish Mines
 20654 | Orc:2    | Entered Level 2 of the Orcish Mines
 20749 | Orc:2    | Found Axzy's Magic Scroll Emporium.
 20749 | Orc:2    | Found Hafafog's Armour Boutique.
 20762 | Orc:2    | Reached skill level 5 in Translocations
 20763 | Orc:2    | Found Ahesofamn's Antique Weapon Shop.
 20763 | Orc:2    | Found Sutziac's General Store.
 20914 | Orc:2    | Reached skill level 13 in Short Blades
 21007 | Orc:2    | Bought a scroll of acquirement for 676 gold pieces
 21007 | Orc:2    | Bought a scroll of acquirement for 676 gold pieces
 21021 | Orc:2    | Noticed Erolcha
 21036 | Orc:2    | Killed Erolcha
 21122 | Orc:2    | Found a staircase to the Elven Halls.
 21289 | Orc:2    | Reached skill level 10 in Stealth
 22087 | Orc:2    | Acquired the +2 cloak of Kiannuph {Will+ Int+3 Dex+4}
 22106 | Orc:2    | Bought a +1 pair of gloves of dexterity for 247 gold pieces
 22119 | Orc:2    | Bought a scroll of enchant armour for 97 gold pieces
 22128 | Orc:2    | Learned a level 4 spell: Manifold Assault
 22128 | Orc:2    | Acquired a +0 quick blade of venom
 22223 | D:10     | Noticed Psyche
 22235 | D:10     | Killed Psyche
 22890 | D:11     | Found a portal to a secret trove of treasure.
 23417 | D:11     | Reached XP level 16. HP: 89/103 MP: 25/25
 23440 | D:11     | Identified the +8 falchion of Xatt {elec, rCorr Dex+4}
 23464 | D:11     | Identified the +6 scimitar "Fuhieteq" {elec, rC+ rCorr}
 23883 | D:12     | Identified the +2 plate armour of Fitzov {rC+}
 24998 | D:13     | Identified the +0 helmet of Salvation {Fly rElec Str-3
                  | Stlth+}
 25159 | D:13     | Reached skill level 10 in Evocations
 25559 | D:14     | Found an iron altar of Okawaru.
 25688 | D:14     | Found a gate to the Vaults.
 25756 | D:15     | Entered Level 15 of the Dungeon
 26061 | D:13     | Reached skill level 14 in Short Blades
 27188 | D:15     | Found a basalt altar of Yredelemnul.
 27420 | D:15     | Found a staircase to the Depths.
 28173 | Shoals:1 | Entered Level 1 of the Shoals
 28334 | Shoals:1 | Learned a level 4 spell: Summon Ice Beast
 28826 | Shoals:1 | Reached skill level 1 in Summonings
 28826 | Shoals:1 | Reached skill level 1 in Ice Magic
 28878 | Shoals:1 | You are sucked into a shaft and drop 1 floor!
 29291 | Shoals:2 | Reached XP level 17. HP: 72/109 MP: 15/27
 31307 | Shoals:3 | Reached skill level 15 in Short Blades
 31867 | Shoals:3 | Found Ezoolep's Weapon Shop.
 32147 | Shoals:3 | Noticed Ilsuiw
 32153 | Shoals:3 | Killed Ilsuiw
 33208 | Shoals:3 | HP: 1/111 [water nymph/the raging water (21)]
 33636 | Shoals:3 | Found Xouck's Merfolk Magic.
 33641 | Shoals:3 | Bought Igoos's Exposition on Alteration for 546 gold pieces
 33645 | Shoals:3 | Learned a level 3 spell: Ignite Poison
 33645 | Shoals:3 | Found Xouck's Merfolk Armours.
 33650 | Shoals:3 | Bought a +1 pair of boots for 161 gold pieces
 33655 | Shoals:3 | Found Xouck's Merfolk Weapons.
 33660 | Shoals:3 | Found Xouck's Visitors' Centre.
 33879 | Shoals:3 | Noticed a kraken
 33893 | Shoals:3 | Killed a kraken
 34650 | Snake:1  | Entered Level 1 of the Snake Pit
 35031 | Snake:1  | Reached skill level 5 in Ice Magic
 35224 | Snake:1  | Reached skill level 5 in Summonings
 35441 | Snake:1  | Noticed Aizul
 35458 | Snake:1  | Killed Aizul
 36078 | Snake:2  | Reached XP level 18. HP: 43/117 MP: 18/30
 37454 | Snake:2  | Found Luynaten's Magic Scroll Shoppe.
 37743 | Snake:2  | Found a hazy altar of Hepliaklqana.
 38010 | Snake:3  | Noticed Donald
 38067 | Snake:2  | Slain by Donald

Illustrated notes

Levels and vault maps discovered:
D:1:      minmay_arrival_open_corners, layout_loops_cross
D:2:      cheibrodos_old_hovel, layout_basic
D:3:      layout_loops_corners, serial_park_tiny_1
D:4:      layout_cave_pools, mainiacjoe_overflow_boulevard,
          makhleb_heckhound_becter, minmay_overflow_temple_star_quad,
          gup_sewer_entry_bowl
D:5:      layout_loops_cross, mainiacjoe_overflow_tiny_flanked,
          hangedman_decor_growths, uniq_ijyb
D:6:      layout_loops_ring, minmay_temple_entry_enclosed_plants,
          kennysheep_dice
D:7:      layout_basic, enter_bailey_6, uniq_duvessa
D:8:      minmay_imperfect_grid, layout_rooms, gammafunk_temple_overflow_wave
D:9:      layout_stronghold, orc_david_3, uniq_harold
D:10:     layout_stronghold, fedhas_altar_4, worldfamousw_hep_ancestral_shrine,
          erik_lair_island, serial_column_ruins, column_ruins_hut,
          column_ruins_hut_pillars, column_ruins_open_small,
          column_ruins_corridor_corner, column_ruins_open_tiny,
          column_ruins_corridor_dead_end, column_ruins_columns_corner,
          uniq_josephine, uniq_sonja, uniq_psyche
D:11:     layout_layer_cave, nicolae_trove_entry_crystal, minmay_pinched_square
D:12:     layout_irregular_city
D:13:     layout_cave_pools, feat_on_display
D:14:     layout_cross, okawaru_metal_pillars_3
D:15:     hangedman_depths_entry_try_elsewhere_first, layout_rooms,
          yredelemnul_altar_generic, nooodl_orcs_dogs
Temple:   nicolae_temple_ecumenical_triangle
Lair:1:   layout_cave_pods, serial_bayou_ford_a, grunt_megastairs_2
Lair:2:   layout_regular_city, minmay_snake_entry_guardpost_small,
          cheibrodos_lair_lostbears
Lair:3:   layout_regular_city, minmay_shoals_entry_beasts,
          maelrawn_ghost_gauntlet_escape, roderic_carrion_pond
Lair:4:   layout_regular_city
Lair:5:   grunt_lair_end_beastmaster, layout_regular_city, slime_entry_1,
          portal_ice_cave_entry_imps, grunt_megastairs_5, serial_bayou_shore_b
Shoals:1: layout_shoals
Shoals:2: layout_shoals
Shoals:3: nicolae_shoals_mermall, layout_shoals, serial_shops, shop_statue,
          nicolae_shoals_secluded_bog, uniq_ilsuiw
Snake:1:  layout_onion_interference, uniq_aizul
Snake:2:  layout_grid_shapes, basic_altar, serial_shops, shop,
          grunt_ministairs_15, nicolae_snake_shapes
Snake:3:  layout_layer_cave, uniq_donald
Orc:1:    layout_caves, basic_altar
Orc:2:    st_orc_ogre_mass, layout_caves, uniq_erolcha

Skill      XL: |  1  2  3  4  5  6  7  8  9 10 11 12 13 14 15 16 17 18 |
---------------+-------------------------------------------------------+-----
Fighting       | 1 2 3 4 5 7 8 10 11 12 13 14 | 14.8
Short Blades   | 1 2 3 4 5 6 8 10 11 12 13 14 15 | 15.6
Shapeshifting  | 0 |  0.9
Conjurations   | 1 2 |  2.0
Air Magic      | 1 2 3 5 6 |  6.9
Poison Magic   | 4 5 6 7 |  7.1
Spellcasting   | 3 4 6 8 9 |  9.0
Invocations    | 1 5 7 8 10 11 12 13 | 13.3
Armour         | 1 4 5 |  5.5
Dodging        | 3 6 8 9 |  9.6
Evocations     | 4 7 9 10 | 10.1
Stealth        | 4 8 10 12 13 | 13.6
Translocations | 3 6 7 |  7.5
Summonings     | 1 5 6 |  6.2
Ice Magic      | 2 5 |  5.1
Transmutations | |  1.0

Action                     |  1- 3 |  4- 6 |  7- 9 | 10-12 | 13-15 | 16-18 || total
---------------------------+-------+-------+-------+-------+-------+-------++-------
  Melee: Dagger            |    29 |   383 |   228 |       |       |       ||   640
         Punch             |       |     4 |     6 |     4 |    21 |    17 ||    52
         Unarmed           |       |       |     2 |       |       |       ||     2
         Short sword       |       |       |   130 |   704 |  1116 |  1136 ||  3086
   Fire: Shortbow          |       |       |       |     1 |       |       ||     1
   Cast: Sting             |    36 |    18 |     1 |       |       |       ||    55
         Poisonous Vapours |     3 |    16 |    12 |     3 |     1 |       ||    35
         Mephitic Cloud    |       |       |    17 |    17 |    28 |    43 ||   105
         Olgreb's Toxic Ra |       |       |       |     1 |    16 |    11 ||    28
         Blink             |       |       |       |       |     1 |     5 ||     6
         Manifold Assault  |       |       |       |       |       |    18 ||    18
         Ignite Poison     |       |       |       |       |       |     5 ||     5
         Summon Ice Beast  |       |       |       |       |       |     4 ||     4
 Invoke: Stomp             |       |     1 |       |     3 |     1 |       ||     5
         Line Pass         |       |       |       |     9 |    10 |     3 ||    22
         Grand Finale      |       |       |       |       |     1 |     1 ||     2
  Evoke: Wand              |       |       |     1 |     2 |    13 |    12 ||    28
    Use: Scroll            |       |    10 |    14 |     9 |    13 |    11 ||    57
         Potion            |       |     1 |     9 |     1 |     9 |     8 ||    28
   Stab: Sleeping          |     3 |    18 |     2 |    19 |    11 |    50 ||   103
         Invisible         |       |     4 |     3 |       |       |     4 ||    11
         Distracted        |       |     1 |     1 |     1 |     3 |     7 ||    13
         Confused          |       |       |    12 |    16 |    19 |    26 ||    73
         Paralysed         |       |       |     6 |    34 |    56 |    61 ||   157
         Petrified         |       |       |       |       |     2 |       ||     2
         Petrifying        |       |       |       |       |     1 |       ||     1
 Armour: Robe              |     3 |    44 |    45 |       |       |       ||    92
         Ring mail         |       |       |    24 |   214 |   359 |   408 ||  1005
         Skin              |       |       |       |       |    21 |       ||    21
  Dodge: Dodged            |    21 |   294 |   319 |   372 |   809 |   740 ||  2555

Table legend: (Time is in decaauts)
 A = Elapsed time spent in this place.
 B = Non-inter-level travel time spent in this place.
 C = Inter-level travel time spent in this place.
 D = Time resting spent in this place.
 E = Time spent auto-exploring this place.
 F = Levels seen in this place.
 G = Mean time per level.
                   A        B        C        D        E       F      G
               +--------+--------+--------+--------+--------+-----+--------+
         Total |  36544 |  34506 |   2038 |   5143 |  23399 |  32 | 1142.0 |
       Dungeon |  17128 |  16073 |   1055 |   1775 |  11557 |  15 | 1141.9 |
        Temple |    103 |    103 |      0 |    102 |      0 |   1 |  103.0 |
          Lair |   7050 |   6390 |    660 |    370 |   4916 |   5 | 1410.0 |
        Shoals |   6175 |   6061 |    114 |   1955 |   3299 |   3 | 2058.3 |
     Snake Pit |   3300 |   3240 |     60 |    514 |   2322 |   3 | 1100.0 |
  Orcish Mines |   1631 |   1483 |    148 |    136 |   1040 |   2 |  815.5 |
         Sewer |    575 |    575 |      0 |     47 |    188 |   1 |  575.0 |
        Bailey |    353 |    353 |      0 |     82 |     59 |   1 |  353.0 |
      Ice Cave |    225 |    225 |      0 |    162 |     17 |   1 |  225.0 |
               +--------+--------+--------+--------+--------+-----+--------+

Top non-repeatable levels by time:
Shoals:2: 2772 daAuts
Shoals:3: 2577 daAuts
 Snake:2: 2025 daAuts
  Lair:1: 1742 daAuts
     D:8: 1718 daAuts
  Lair:5: 1639 daAuts
    D:11: 1622 daAuts
  Lair:3: 1294 daAuts
     D:6: 1268 daAuts
     D:1: 1240 daAuts
 Snake:1: 1228 daAuts
  Lair:2: 1223 daAuts
    D:10: 1220 daAuts
    D:14: 1155 daAuts
     D:3: 1153 daAuts
